 Dungeon Crawl Stone Soup version 0.31-a0-799-g6bc09d010c (webtiles) character file.

Game seed: 14711219885382981170

100 cforsyth the Trooper (level 5, -3/41 HPs)
             Began as a Djinni Delver on Sept 20, 2023.
             Splashed by a jelly's acid (10 damage)
             ... on level 5 of the Dungeon.
             The game lasted 00:02:35 (1235 turns).

cforsyth the Trooper (Djinni Delver)                Turns: 1235, Time: 00:02:35

Health: -3/41      AC: -1    Str: 11    XL:     5   Next: 3%
Gold:   17         EV: 12    Int: 13    God:
                   SH:  0    Dex: 15

rFire   + + .        a - +0 falchion
rCold   x . .        (no shield)
rNeg    . . .        b - +0 leather armour
rPois   ∞            (no helmet)
rElec   .            (no cloak)
rCorr   .            (no gloves)
SInv    .            (boots unavailable)
Will    .....        (no amulet)
Stlth   ++           (no ring)
HPRegen 0.26/turn    (no ring)
MPRegen 0.00/turn

%: infuse magic (-4 HP)
@: corroded, flying, very slightly contaminated
A: sickness immunity, fire resistance 2, cold vulnerability 1, float, innate
caster, HP casting, extra vitality 1
a: no special abilities


You were on level 5 of the Dungeon.
You visited 1 branch of the dungeon, and saw 1 of its levels.
You also visited: Sewer.

You collected 17 gold pieces.

Inventory:

Hand Weapons
 a - a +0 falchion (weapon)
Armour
 b - a +0 leather armour (worn)
Wands
 g - a wand of digging (3)
Scrolls
 c - a scroll of fog
 d - a scroll of revelation
 e - 2 scrolls of fear
 h - 2 scrolls of identify {unknown}
 i - a scroll of teleportation {unknown}
 m - a scroll of amnesia {unknown}
Potions
 f - a potion of haste
 j - a potion of brilliance {unknown}
 k - 3 potions of curing {unknown}
 l - a potion of invisibility {unknown}


   Skills:
 + Level 4.3 Fighting
 - Level 1.7 Long Blades
 - Level 2.1 Dodging
 - Level 4.1 Stealth
 + Level 2.0 Spellcasting
 + Level 2.0 Conjurations
 + Level 2.0 Hexes
   Level 0.0 Charms
 + Level 2.0 Summonings
 + Level 2.0 Necromancy
 + Level 2.0 Translocations
 + Level 2.0 Transmutations
 + Level 2.0 Fire Magic
 + Level 2.0 Ice Magic
 + Level 2.0 Air Magic
 + Level 2.0 Earth Magic
 + Level 2.0 Poison Magic


You knew the following spells:

 Your Spells              Type           Power      Damage    Failure   Level
a - Apportation           Tloc           12%        N/A       14%         1
b - Blink                 Tloc           12%        N/A       22%         2
Your spell library was empty.

Dungeon Overview and Level Annotations

Branches:
Dungeon (5/15)              Sewer (visited)
 Temple: D:4-7

Altars:


Innate Abilities, Weirdness & Mutations

You are immune to sickness and miasma.
You are immune to poison.
Your flesh is very heat resistant. (rF++)
You are vulnerable to cold. (rC-)
You float through the air rather than walking.
You learn spells naturally, not from books.
Your magical power is your life essence.
You have superior vitality. (+4 MHP)


Message History

No target in view!
No target in view!
No target in view!
No target in view!
HP restored.
Things that are here:
a +0 flail; a +0 leather armour
Items here: ))) [[ ††.
You reach down and open the door.
A jelly comes into view.
Found a scroll labelled HYXITI TAVOVU.
A jelly is nearby!
A jelly is nearby!
A jelly is nearby!
Cast which spell? (? or * to list)
Okay, then.
There is an open door here.
The helpless jelly fails to defend itself.
You hit the jelly.
Your hands burn!
The jelly is moderately wounded.
The jelly hits you.
You are splashed with acid!
You slash the jelly!
Your hands burn!
The jelly is almost dead.
The jelly completely misses you.
You barely miss the jelly.
The jelly is almost dead.
The jelly barely misses you. The jelly closely misses you.
You hit the jelly. The acid corrodes you!
Your hands burn!
The jelly is almost dead.
The jelly hits you.
You are splashed with acid!
* * * LOW HITPOINT WARNING * * *
Cast which spell? (? or * to list)
You miscast Blink.
You are very lightly contaminated with residual magic.
Nothing appears to happen.
* * * LOW HITPOINT WARNING * * *
The jelly hits you.
* * * LOW HITPOINT WARNING * * *
You are splashed with acid!
You die...

################
.......))......#
########........# ..
.....?J@).......+....
########........#....###
#.#####+.#.......
#.###............
#..#..#..~#......
##....~~~~~......
#..#~~~~~~~#....
#..~~~~~~~~.....
#...~~~.~~~.....


You could see a jelly.

Vanquished Creatures
  5 adders (Sewer)
  3 river rats (Sewer)
  A worm (D:5)
  5 orcs (D:5)
  2 ball pythons
  7 frilled lizards (Sewer)
  9 rats
32 creatures vanquished.

Notes
Turn   | Place    | Note
-------+----------+-------------------------------------------
     0 | D:5      | cforsyth the Djinni Delver began the quest for the Orb.
     0 | D:5      | Reached XP level 1. HP: 20/20 MP: 0/0
    17 | D:5      | Found a glowing drain.
    99 | Sewer    | Entered a sewer
   138 | Sewer    | Reached XP level 2. HP: 23/25 MP: 0/0
   164 | Sewer    | Reached skill level 1 in Spellcasting
   164 | Sewer    | Reached skill level 1 in Conjurations
   164 | Sewer    | Reached skill level 1 in Hexes
   164 | Sewer    | Reached skill level 1 in Summonings
   164 | Sewer    | Reached skill level 1 in Necromancy
   164 | Sewer    | Reached skill level 1 in Translocations
   164 | Sewer    | Reached skill level 1 in Transmutations
   164 | Sewer    | Reached skill level 1 in Fire Magic
   164 | Sewer    | Reached skill level 1 in Ice Magic
   164 | Sewer    | Reached skill level 1 in Air Magic
   164 | Sewer    | Reached skill level 1 in Earth Magic
   164 | Sewer    | Reached skill level 1 in Poison Magic
   402 | Sewer    | Reached XP level 3. HP: 28/30 MP: 0/0
   402 | Sewer    | Learned a level 1 spell: Apportation
   523 | Sewer    | Reached XP level 4. HP: 29/37 MP: 0/0
  1175 | D:5      | Reached XP level 5. HP: 31/41 MP: 0/0
  1175 | D:5      | Learned a level 2 spell: Blink
  1235 | D:5      | Splashed by a jelly's acid

Illustrated notes

Levels and vault maps discovered:
D:5:      layout_basic, fedhas_bush_and_centaur_altar,
          minmay_temple_entry_junction, cheibrodos_sewer_entry_drain

Skill      XL: |  1  2  3  4 |
---------------+-------------+-----
Spellcasting   | 1 2 |  2.0
Conjurations   | 1 2 |  2.0
Hexes          | 1 2 |  2.0
Summonings     | 1 2 |  2.0
Necromancy     | 1 2 |  2.0
Translocations | 1 2 |  2.0
Transmutations | 1 2 |  2.0
Fire Magic     | 1 2 |  2.0
Ice Magic      | 1 2 |  2.0
Air Magic      | 1 2 |  2.0
Earth Magic    | 1 2 |  2.0
Poison Magic   | 1 2 |  2.0
Fighting       | 4 |  4.3
Long Blades    | |  1.7
Dodging        | |  2.1
Stealth        | |  4.1

Action                     |  1- 3 |  4- 6 || total
---------------------------+-------+-------++-------
  Melee: Falchion          |    81 |    84 ||   165
         Punch             |     1 |     1 ||     2
   Stab: Sleeping          |     5 |     4 ||     9
 Armour: Leather armour    |    50 |    44 ||    94
  Dodge: Dodged            |    62 |    67 ||   129

Table legend: (Time is in decaauts)
 A = Elapsed time spent in this place.
 B = Non-inter-level travel time spent in this place.
 C = Inter-level travel time spent in this place.
 D = Time resting spent in this place.
 E = Time spent auto-exploring this place.
 F = Levels seen in this place.
 G = Mean time per level.
                   A        B        C        D        E       F      G
               +--------+--------+--------+--------+--------+-----+--------+
         Total |   1269 |   1269 |      0 |    400 |    433 |   2 |  634.5 |
       Dungeon |    189 |    189 |      0 |     29 |     66 |   1 |  189.0 |
         Sewer |   1080 |   1080 |      0 |    371 |    367 |   1 | 1080.0 |
               +--------+--------+--------+--------+--------+-----+--------+

Top non-repeatable levels by time:
   Sewer: 1080 daAuts
     D:5: 189 daAuts
